 Dungeon Crawl Stone Soup version 0.31-a0-949-g57150269e1 (webtiles) character file.

Game seed: 7709390658090454178

876 pokeman the Thaumaturge (level 7, -1/40 HPs)
             Began as a Deep Elf Hedge Wizard on Oct 22, 2023.
             Killed by divine providence
             ... invoked by an orc priest
              (13 damage)
             ... on level 4 of the Dungeon.
             The game lasted 00:07:05 (3876 turns).

pokeman the Thaumaturge (Deep Elf Hedge Wizard)     Turns: 3876, Time: 00:07:05

Health: -1/40      AC:  4    Str:  7    XL:     7   Next: 74%
Magic:  11/21      EV: 13    Int: 21    God:
Gold:   139        SH:  0    Dex: 14    Spells: 16/24 levels left

rFire   . . .        g - +2 mace (venom)
rCold   . . .        (no shield)
rNeg    . . .        b - +0 robe
rPois   .            p - +0 helmet
rElec   .            (no cloak)
rCorr   .            q - +0 pair of gloves
SInv    .            (no boots)
Will    .....        (no amulet)
Stlth   ++           (no ring)
HPRegen 0.26/turn    (no ring)
MPRegen 0.17/turn

%: no passive effects
@: very slightly contaminated
A: no striking features
a: no special abilities


You were on level 4 of the Dungeon.
You visited 1 branch of the dungeon, and saw 4 of its levels.
You also visited: Sewer.

You collected 139 gold pieces.

Inventory:

Hand Weapons
 g - a +2 mace of venom (weapon)
Armour
 b - a +0 robe (worn)
 p - a +0 helmet (worn)
 q - a +0 pair of gloves (worn)
Scrolls
 a - a scroll of poison {unknown}
 c - a scroll of torment {unknown}
 e - a scroll of revelation {unknown}
 f - 5 scrolls of identify {unknown}
 i - a scroll of enchant weapon {unknown}
 l - 2 scrolls of fog {unknown}
 s - a scroll of vulnerability {unknown}
 u - a scroll of silence {unknown}
 w - a scroll of enchant armour {unknown}
Potions
 d - a potion of magic
 h - 3 potions of curing {unknown}
 j - a potion of heal wounds {unknown}
 k - 2 potions of brilliance {unknown}
 m - 2 potions of attraction {unknown}
 n - a potion of enlightenment {unknown}
 o - a potion of mutation {unknown}
 r - 4 potions of lignification {unknown}
 t - a potion of haste {unknown}
 v - a potion of degeneration {unknown}


   Skills:
 - Level 2.6 Fighting
 + Level 1.2 Armour
 - Level 3.0 Dodging
 - Level 3.0 Stealth
 * Level 9.0 Spellcasting
 + Level 4.5 Conjurations
 - Level 1.1 Summonings
 - Level 1.1 Translocations
 - Level 1.0 Air Magic
 - Level 1.0 Poison Magic


You had 16 spell levels left.
You knew the following spells:

 Your Spells              Type           Power      Damage    Failure   Level
a - Magic Dart            Conj           100%       1d8       1%          1
b - Mephitic Cloud        Conj/Pois/Air  18%        N/A       9%          3
c - Call Imp              Summ           28%        N/A       7%          2
d - Blink                 Tloc           28%        N/A       7%          2

Your spell library contained the following spells:

 Spells                   Type           Power      Damage    Failure   Level
 Slow                     Hex            36%        N/A       7%          1
 Cigotuvi's Dreadful Rot  Necr/Pois/Air  24%        N/A       9%          2
 Sublimation of Blood     Necr           9%         N/A       11%         2
 Wereblood                Tmut           9%         N/A       11%         2
 Summon Hydra             Summ           7%         N/A       100%        7


Dungeon Overview and Level Annotations

Branches:
Dungeon (4/15)              Sewer (visited)
 Temple: D:4-7

Altars:

Shops:
D:1 !   D:2 (

Annotations:
D:3 2 transporters, Brisketman's ghost, amateur AtWr


Message History

The jackal is heavily wounded.
The jackal misses you.
The orc priest hits you from afar with a +0 trident.
The jackal misses you.
Casting: Mephitic Cloud (dangerous; 9% risk of failure)
Confirm with . or Enter, or press ? or * to list all spells.
Aiming: Mephitic Cloud (dangerous; 9% risk of failure)
Press: ? - help, Shift-Dir - straight line, f - orc priest
Aim: an orc priest, wielding a +0 trident and wearing a +0 leather armour (chance to affect: 86%)
You miscast Mephitic Cloud.
You are very lightly contaminated with residual magic.
Nothing appears to happen.
A jackal comes into view.
The jackal misses you.
The orc priest hits you from afar with a +0 trident!
Unknown command.
Casting: Mephitic Cloud (dangerous; 9% risk of failure)
Confirm with . or Enter, or press ? or * to list all spells.
Aiming: Mephitic Cloud (dangerous; 9% risk of failure)
Press: ? - help, Shift-Dir - straight line, f/p - orc priest
Aim: an orc priest, wielding a +0 trident and wearing a +0 leather armour (chance to affect: 86%)
The ball explodes into a vile cloud!
The stinking cloud engulfs the orc priest but does no damage.
The jackal barks!
You hear a bark! x2; You hear a shout!
The jackal bites you.
The orc priest is engulfed in noxious fumes.
The orc priest hits you from afar with a +0 trident.
* * * LOW HITPOINT WARNING * * *
The jackal bites you but does no damage.
Unknown command.
Unknown command.
You closely miss the jackal.
The jackal is heavily wounded.
The orc priest is engulfed in noxious fumes.
The orc priest closely misses you. The jackal barely misses you.
The jackal closely misses you.
The orc priest is engulfed in noxious fumes.
The orc priest mumbles some strange prayers to Beogh against you.
Beogh smites you!
You die...

#.###......... ...
.........)... ...#
###......).... #..###
............. ## #.....
..#......#... #.. ##....#
#.#......#.#. .... .....#
#.#....#.)..# .....
#)#.###.#....###..#
......#○@................
.....☼o°h.....#....##.#.)
......##)#..).#....# ###
..... #h..####....# ....
#..## ###### ... .....#
.. ..>..... . ..........
.........#


You could see an orc priest and 2 jackals.

Vanquished Creatures
  Pikel (D:4)
  4 orc priests (D:4)
  2 iguanas
  Natasha (thrice) (D:2)
  4 river rats
  7 adders
  2 worms (D:2)
  3 dart slugs
  5 orcs (D:4)
  9 endoplasms
  A giant cockroach (D:3)
  8 goblins
  5 hobgoblins
  2 jackals (D:3)
  3 quokkas (D:1)
  15 ball pythons
  3 bats
  9 frilled lizards
  3 kobolds
  11 rats
100 creatures vanquished.

Notes
Turn   | Place    | Note
-------+----------+-------------------------------------------
     0 | D:1      | pokeman the Deep Elf Hedge Wizard began the quest for the
                  | Orb.
     0 | D:1      | Reached XP level 1. HP: 10/10 MP: 7/7
   268 | D:1      | Reached XP level 2. HP: 16/16 MP: 2/9
   968 | D:1      | Found Bomuil's Distillery.
  1169 | D:2      | Reached skill level 5 in Spellcasting
  1169 | D:2      | Reached XP level 3. HP: 20/20 MP: 6/11
  1173 | D:2      | Learned a level 3 spell: Mephitic Cloud
  1176 | D:2      | Learned a level 2 spell: Call Imp
  1179 | D:2      | Learned a level 2 spell: Blink
  1247 | D:2      | Found Zeaj's Weapon Shoppe.
  1597 | D:2      | Reached skill level 1 in Armour
  1677 | D:2      | Found a faded altar of an unknown god.
  1709 | D:2      | Noticed Natasha
  1715 | D:2      | Killed Natasha
  1716 | D:2      | Reached skill level 1 in Fighting
  1716 | D:2      | Reached XP level 4. HP: 13/25 MP: 10/13
  2012 | D:2      | Noticed Natasha
  2023 | D:2      | Killed Natasha
  2064 | D:2      | Noticed Natasha
  2077 | D:2      | Killed Natasha
  2166 | D:3      | Reached skill level 6 in Spellcasting
  2288 | D:3      | Found a transporter.
  2357 | D:3      | Reached XP level 5. HP: 25/29 MP: 10/15
  2373 | D:3      | Found a glowing drain.
  2410 | Sewer    | Entered a sewer
  2652 | Sewer    | Reached skill level 1 in Air Magic
  2652 | Sewer    | Reached skill level 1 in Poison Magic
  3362 | D:3      | Found a transporter.
  3364 | D:3      | Noticed Brisketman's ghost (amateur AtWr)
  3468 | D:4      | Reached XP level 6. HP: 26/34 MP: 8/17
  3600 | D:4      | Reached skill level 7 in Spellcasting
  3606 | D:4      | Noticed Pikel
  3622 | D:4      | HP: 1/34 [Pikel/+0 whip of electrocution (16)]
  3631 | D:4      | Killed Pikel
  3632 | D:4      | Reached skill level 8 in Spellcasting
  3632 | D:4      | Reached XP level 7. HP: 4/40 MP: 0/21
  3863 | D:4      | Reached skill level 9 in Spellcasting
  3876 | D:4      | Killed from afar by an orc priest

Illustrated notes

Levels and vault maps discovered:
D:1:      dpeg_arrival_pond, layout_loops_ring, serial_shops,
          nicolae_shop_just_a_little_nook
D:2:      layout_loops_ring, hellmonk_ecumenical_altar_run_dry, serial_shops,
          shop, chequers_jeans, uniq_natasha
D:3:      layout_loops_ring, gammafunk_ghost_mausoleum, portal_sewer_entry_b
D:4:      layout_rooms, hellmonk_ghost_happy_afterlife, uniq_pikel

Skill      XL: |  1  2  3  4  5  6  7 |
---------------+----------------------+-----
Spellcasting   | 5 6 8 9 |  9.0
Armour         | 1 |  1.2
Fighting       | 1 2 |  2.6
Conjurations   | 2 3 4 |  4.5
Dodging        | 3 |  3.0
Stealth        | 3 |  3.0
Air Magic      | 1 |  1.0
Poison Magic   | 1 |  1.0
Summonings     | |  1.1
Translocations | |  1.1

Action                     |  1- 3 |  4- 6 |  7- 9 || total
---------------------------+-------+-------+-------++-------
  Melee: Mace              |     7 |    64 |    17 ||    88
         Punch             |       |     2 |       ||     2
   Cast: Magic Dart        |    85 |    93 |     7 ||   185
         Mephitic Cloud    |       |     7 |     4 ||    11
         Blink             |       |     1 |       ||     1
   Stab: Sleeping          |       |     7 |       ||     7
         Confused          |       |     5 |     1 ||     6
 Armour: Robe              |    10 |    40 |    24 ||    74
  Dodge: Dodged            |    12 |    60 |    18 ||    90

Table legend: (Time is in decaauts)
 A = Elapsed time spent in this place.
 B = Non-inter-level travel time spent in this place.
 C = Inter-level travel time spent in this place.
 D = Time resting spent in this place.
 E = Time spent auto-exploring this place.
 F = Levels seen in this place.
 G = Mean time per level.
                   A        B        C        D        E       F      G
               +--------+--------+--------+--------+--------+-----+--------+
         Total |   3950 |   3847 |    103 |    142 |   2924 |   5 |  790.0 |
       Dungeon |   3465 |   3362 |    103 |    142 |   2598 |   4 |  866.2 |
         Sewer |    484 |    484 |      0 |      0 |    325 |   1 |  484.0 |
               +--------+--------+--------+--------+--------+-----+--------+

Top non-repeatable levels by time:
     D:1: 1165 daAuts
     D:2: 1039 daAuts
     D:3: 831 daAuts
   Sewer: 484 daAuts
     D:4: 429 daAuts
